 Dungeon Sprint DCSS version 0.27-a0-394-g49c82dfaf2 (webtiles) character file.

Game seed: 3150994533798215931

800000 hittemvvvvvhard the Skirmisher (level 1, -13/19 HPs)
             Began as a Hill Orc Fighter on Feb 20, 2021.
             Mangled by a bag of meat
             ... wielding a +9 war axe
              (20 damage)
             ... in the Dungeon (Sprint VIII: "Arena of Blood").
             The game lasted 00:00:20 (8 turns).

hittemvvvvvhard the Skirmisher (Hill Orc Fighter)      Turns: 8, Time: 00:00:21

Health: -13/19     AC:  6    Str: 18    XL:     1   Next: 0%
Magic:  1/1        EV:  9    Int:  8    God:
Gold:   0          SH:  0    Dex: 10    Spells: 0/0 levels left

rFire    . . .     SeeInvis .   k - +∞ Axe of Woe
rCold    . . .     Faith    .   (shield currently unavailable)
rNeg     . . .     Spirit   .   b - +0 scale mail
rPois    .         Reflect  .   (no helmet)
rElec    .         Harm     .   (no cloak)
rCorr    .         Rampage  .   (no gloves)
Will     .....     NoTele   +   (no boots)
Stlth    ..........             (no amulet)
HPRegen  0.06/turn              (no ring)
MPRegen  0.07/turn              (no ring)

@: no status effects
A: no striking features
a: no special abilities


You were in the Dungeon.
You visited 1 branch

Inventory:

Hand Weapons
 k - the +∞ Axe of Woe (weapon)
   (You found it in the Dungeon)
Armour
 b - a +0 scale mail (worn)
 c - a +0 kite shield
Scrolls
 j - a scroll of blinking {!r}
Potions
 d - a potion of might
 e - a potion of curing
 f - a potion of heal wounds
 g - a potion of haste
 h - 2 potions of magic
 i - a potion of berserk rage {!q}


   Skills:
 - Level 3.6 Fighting
 + Level 2.6 Axes
 - Level 3.2 Armour
 - Level 3.2 Shields


You couldn't memorise any spells.
You didn't know any spells.
Your spell library was empty.

Dungeon Overview and Level Annotations

Branches:
Dungeon (1/1)

Altars:
Makhleb


Message History

Unknown command.
Unknown command.
Drop what? 11/52 slots (_ for help) (? for menu, Esc to quit)
You are now empty-handed.
You drop a +0 war axe.
The bag of meat appears out of thin air!
The bag of meat shouts!
You hear a shout! x3
The bag of meat shouts!
You hear a shout! x7
Keep disrobing? [Y]es or [N]o only, please.
Keep disrobing?
You start removing your armour.
You continue taking off your +0 kite shield.
The bag of meat shouts!
You hear a shout! x8
You continue taking off your +0 kite shield.
You hear a shout! x6
You continue taking off your +0 kite shield.
You hear a shout! x6
You continue taking off your +0 kite shield.
The bag of meat shouts! x2; You hear a shout! x8
You finish taking off your +0 kite shield.
k - the +∞ Axe of Woe (weapon)
You hear a shout!
The bag of meat hits you with a +9 war axe!
Ouch! That really hurt!
* * * LOW HITPOINT WARNING * * *
You hear a shout! x3
You take 12 damage, and have 7/19 hp.
GAME OVER YEAH!!
There are monsters nearby!
There are monsters nearby!
You hit the bag of meat.
You fatally mangle the bag of meat.
You kill the bag of meat!
You hear a shout! x8
A meat berserker comes into view. It is wielding a +9 battleaxe.
You hear a shout! x4
A bag of meat comes into view. It is wielding a +9 war axe.
You hear a shout! x2
The bag of meat hits you with a +9 war axe!!
Ouch! That really hurt!
You die...

.. .. #. .# #..
..# .###..
..###.
......###....O.
....._.o...
#..o..# #_)@._#
#..o..#
.o..._o....
......###o.....
o###.. ..###.
#.. ..# #. .#
.. ..

Notes
Turn   | Place    | Note
-------+----------+-------------------------------------------
     0 | D        | Found the +∞ Axe of Woe
     0 | D        | hittemvvvvvhard the Hill Orc Fighter began the quest for
                  | the Orb.
     0 | D        | Reached XP level 1. HP: 19/19 MP: 1/1
     1 | D        | Noticed a bag of meat
     1 | D        | Noticed a bag of meat
     2 | D        | Noticed a bag of meat
     3 | D        | Noticed a bag of meat
     3 | D        | Noticed a bag of meat
     5 | D        | Noticed a bag of meat
     5 | D        | Noticed a bag of meat
     8 | D        | Killed a bag of meat
     8 | D        | Noticed a meat berserker
     8 | D        | Noticed a bag of meat
     8 | D        | Mangled by a bag of meat

Table legend: (Time is in decaauts)
 A = Elapsed time spent in this place.
 B = Non-inter-level travel time spent in this place.
 C = Inter-level travel time spent in this place.
 D = Time resting spent in this place.
 E = Time spent auto-exploring this place.
 F = Levels seen in this place.
 G = Mean time per level.
                   A        B        C        D        E       F      G
               +--------+--------+--------+--------+--------+-----+--------+
         Total |      7 |      7 |      0 |      0 |      0 |   1 |    7.0 |
       Dungeon |      7 |      7 |      0 |      0 |      0 |   1 |    7.0 |
               +--------+--------+--------+--------+--------+-----+--------+

Top non-repeatable levels by time:
       D: 7 daAuts

Table legend:
 A = Kills in this place as a percentage of kills in entire the game.
 B = Kills by you in this place as a percentage of kills by you in the entire game.
 C = Kills by friends in this place as a percentage of kills by friends in the entire game.
 D = Other kills in this place as a percentage of other kills in the entire game.
 E = Experience gained in this place as a percentage of experience gained in the entire game.
 F = Experience gained in this place divided by the number of levels of this place that you have seen.
                   A       B       C       D       E      F
               +-------+-------+-------+-------+-------+----------------------
         Total | 100.0 | 100.0 |   N/A |   N/A | 100.0 | 18760.0
       Dungeon | 100.0 | 100.0 |   N/A |   N/A | 100.0 | 18760.0
               +-------+-------+-------+-------+-------+----------------------

Action                   || total
-------------------------++-------
Melee: Executioner's axe ||     1

Vanquished Creatures
  An orc (D)
1 creature vanquished. You could see a meat berserker (berserk) and 7 bags of meat.

Levels and vault maps discovered:
D:        meatsprint
